 Dungeon Crawl Stone Soup version 0.28-a0-1429-gf3d713df7a (webtiles) character file.

Game seed: 15551802965580190169

4 Cheeritup the Caller (level 1, 9/9 HPs)
             Began as a Tengu Summoner on Jan 8, 2022.
             Was a Follower of Hepliaklqana.
             Quit the game on level 1 of the Dungeon.
             The game lasted 00:01:34 (281 turns).

Cheeritup the Caller (Tengu Summoner)                Turns: 281, Time: 00:01:34

Health: 9/9        AC:  5    Str:  8    XL:     1   Next: 60%
Magic:  4/4        EV: 10    Int: 15    God:    Hepliaklqana [*.....]
Gold:   25         SH:  0    Dex: 14    Spells: 3/4 levels left

rFire   . . .      SeeInvis .   (no weapon)
rCold   . . .      Faith    .   (no shield)
rNeg    . . .      Spirit   .   c - +0 ring mail
rPois   .          Reflect  .   (helmet restricted)
rElec   .          Harm     .   (no cloak)
rCorr   .          Rampage  .   (no gloves)
Will    .....                   (boots unavailable)
Stlth   +.........              (no amulet)
HPRegen 0.03/turn               (no ring)
MPRegen 0.09/turn               (no ring)

@: no status effects
A: reduced essence, beak, talons 3
a: Renounce Religion, Recall Ancestor, Ancestor Identity


You were on level 1 of the Dungeon.
You worshipped Hepliaklqana.
Hepliaklqana was aware of your devotion.
You visited 1 branch of the dungeon, and saw 1 of its levels.

You collected 25 gold pieces.

Inventory:

Armour
 c - a +0 ring mail (worn)
Potions
 b - a potion of flight {unknown}


   Skills:
 - Level 2.1 Dodging
 - Level 2.0 Stealth
 - Level 2.0 Spellcasting
 + Level 5.1 Summonings


You had 3 spell levels left.
You knew the following spells:

 Your Spells              Type           Power      Damage    Failure   Level
a - Summon Small Mammal   Summ           64%        N/A       9%          1

Your spell library contained the following spells:

 Spells                   Type           Power      Damage    Failure   Level
 Call Imp                 Summ           16%        N/A       13%         2
 Call Canine Familiar     Summ           16%        N/A       26%         3
 Summon Guardian Golem    Hex/Summ       9%         N/A       58%         3
 Summon Lightning Spire   Summ/Air       9%         N/A       94%         4


Dungeon Overview and Level Annotations

Branches:
Dungeon (1/15)

Altars:
Hepliaklqana


Innate Abilities, Weirdness & Mutations

Your life essence is reduced to manifest your ancestor. (-10% HP)
You have a beak for a mouth.
You have claws for feet.


Message History

You start removing your armour.
You continue taking off your +0 robe. x4
You finish taking off your +0 robe.
You start putting on your armour.
You continue putting on your +0 ring mail. x5
You finish putting on your +0 ring mail.
You drop a +0 robe.
You enter the shallow water.
Moving in this stuff is going to be slow.
A spectral kobold comes into view.
Found a faded altar of an unknown god.
The spectral kobold moves out of view.
The spectral kobold hits you.
You barely miss the spectral kobold. You claw the spectral kobold.
The spectral kobold is almost destroyed.
The spectral kobold hits you but does no damage.
Press: ? - help, v - describe, . - travel Some shallow water.
Your unstable footing causes you to fumble your attack.
The spectral kobold barely misses you.
You hit the spectral kobold but do no damage.
You claw the spectral kobold.
The spectral kobold is almost destroyed.
The spectral kobold closely misses you.
You closely miss the spectral kobold. You claw the spectral kobold.
You destroy the spectral kobold!
You enter the shallow water.
Moving in this stuff is going to be slow.
Drop what? 2/52 slots (_ for help) (? for menu, Esc to quit)
Okay, then.
Press: ? - help, v - describe, . - travel A rock wall.
There is a faded altar of an unknown god here.
You cannot tell which god this altar belongs to.
Convert to them anyway?
Hepliaklqana accepts your prayer! Hepliaklqana welcomes you!
Hepliaklqana forms a fragment of your life essence into the memory of your ancestor, Ælfric!
You can now recall your ancestor.
You can now remember your ancestor's identity.
Unknown command.
Press < or > to pray at altars.
Are you sure you want to abandon this character and quit the game? (Confirm with "yes".)

#. #. #### ##
#.≈ 8≈# .##
#.≈#≈≈###≈.
#..≈#≈≈≈.##
###..≈#≈R≈..#
.....≈≈.≈≈..+
#.≈≈@....+ ..
#≈.#≈≈≈.≈+≈.
#≈≈#....≈#.# #
#≈≈≈≈≈#≈.# ....#
#≈.≈###≈≈#
#.....#8≈#≈.≈≈.#
#
....≈≈###≈.#..#
.#....≈..≈≈....#
....#.##..#####


You could see the friendly Ælfric the ancestor.

Vanquished Creatures
  2 ball pythons (D:1)
  A frilled lizard (D:1)
  A spectral kobold (D:1)
4 creatures vanquished.

Notes
Turn   | Place    | Note
-------+----------+-------------------------------------------
     0 | D:1      | Cheeritup the Tengu Summoner began the quest for the Orb.
     0 | D:1      | Reached XP level 1. HP: 10/10 MP: 4/4
     2 | D:1      | Noticed an elf
     3 | D:1      | Noticed a dwarf
     5 | D:1      | Noticed a ghoul
     5 | D:1      | Noticed a felid
     7 | D:1      | Noticed a demonspawn
     9 | D:1      | Noticed a formicid
    11 | D:1      | Noticed an ogre
    13 | D:1      | Noticed a human
    13 | D:1      | Noticed an octopode
    15 | D:1      | Noticed a demigod
    15 | D:1      | Noticed a troll
    17 | D:1      | Noticed a vine stalker
    19 | D:1      | Noticed a minotaur
    19 | D:1      | Noticed a spriggan
    21 | D:1      | Noticed a merfolk
    23 | D:1      | Noticed a tengu
    23 | D:1      | Noticed a naga
    25 | D:1      | Noticed a vampire
    25 | D:1      | Noticed a draconian
    27 | D:1      | Noticed a gargoyle
    39 | D:1      | Reached skill level 5 in Summonings
   267 | D:1      | Found a faded altar of an unknown god.
   280 | D:1      | Prayed at the altar of an unknown god.
   280 | D:1      | Became a worshipper of Hepliaklqana the Forgotten
   280 | D:1      | Reached * piety under Hepliaklqana
   281 | D:1      | Quit the game

Illustrated notes

Levels and vault maps discovered:
D:1:      kb_arrival_jail, layout_basic,
          dreamdust_ecumenical_altar_drowned_temple

Skill      XL: |  1 |
---------------+----+-----
Summonings     | 5 |  5.1
Dodging        | |  2.1
Stealth        | |  2.0
Spellcasting   | |  2.0

Action                   || total
-------------------------++-------
Melee: Unarmed           ||    11
       Kick              ||     6
       Peck              ||     2
Armor: Robe              ||     2
       Ring mail         ||     1
Dodge: Dodged            ||    10

Table legend: (Time is in decaauts)
 A = Elapsed time spent in this place.
 B = Non-inter-level travel time spent in this place.
 C = Inter-level travel time spent in this place.
 D = Time resting spent in this place.
 E = Time spent auto-exploring this place.
 F = Levels seen in this place.
 G = Mean time per level.
                   A        B        C        D        E       F      G
               +--------+--------+--------+--------+--------+-----+--------+
         Total |    284 |    284 |      0 |    194 |     21 |   1 |  284.0 |
       Dungeon |    284 |    284 |      0 |    194 |     21 |   1 |  284.0 |
               +--------+--------+--------+--------+--------+-----+--------+

Top non-repeatable levels by time:
     D:1: 284 daAuts
